 Dungeon Crawl Stone Soup version 0.30.0-29-ga12c61a403 (webtiles) character file.

Game seed: 9404993043867568146

319 GimliDwarf the Carver (level 6, -5/47 HPs)
             Began as a Gnoll Wanderer on June 7, 2023.
             Slain by a gnoll sergeant
             ... wielding a +0 trident
              (10 damage)
             ... on level 5 of the Dungeon.
             The game lasted 00:11:19 (3380 turns).

GimliDwarf the Carver (Gnoll Wanderer)              Turns: 3380, Time: 00:11:19

Health: -5/47      AC:  7    Str: 14    XL:     6   Next: 45%
Magic:  9/9        EV: 11    Int:  8    God:
Gold:   236        SH:  0    Dex: 14    Spells: 9/9 levels left

rFire   . . .        b - +1 falchion
rCold   + . .        (no shield)
rNeg    . . .        x - +1 ring mail {rC+}
rPois   +            (no helmet)
rElec   .            r - scarf {repulsion}
rCorr   .            (no gloves)
SInv    .            (no boots)
Will    +....        (no amulet)
Stlth   +            j - ring of willpower
HPRegen 0.27/turn    o - ring of poison resistance
MPRegen 0.11/turn

%: repel missiles
@: no status effects
A: fangs 1, strong nose, distributed training
a: no special abilities


You were on level 5 of the Dungeon.
You visited 1 branch of the dungeon, and saw 5 of its levels.

You collected 236 gold pieces.

Inventory:

Hand Weapons
 a - a +2 hand axe
 b - a +1 falchion (weapon)
 C - a +2 short sword of speed
Missiles
 g - 3 boomerangs (quivered)
Armour
 m - a +0 ring mail
 r - a scarf of repulsion (worn)
 v - a +0 scale mail
 x - a +1 ring mail of cold resistance (worn)
Jewellery
 j - a ring of willpower (left hand)
 o - a ring of poison resistance (right hand)
 B - a ring of resist corrosion
Scrolls
 q - 2 scrolls of silence
 y - 2 scrolls of amnesia
Potions
 d - a potion of invisibility
 e - 3 potions of heal wounds
 h - 2 potions of curing
 i - 2 potions of might {unknown}
 k - 2 potions of brilliance {unknown}
 s - a potion of cancellation {unknown}
 u - a potion of ambrosia {unknown}


   Skills:
 + Level 3.3 Fighting
 + Level 2.0 Short Blades
 + Level 8.8 Long Blades
 + Level 5.0 Axes
 + Level 2.0 Maces & Flails
 + Level 2.0 Polearms
 + Level 2.0 Staves
 + Level 2.0 Ranged Weapons
 + Level 2.0 Throwing
 + Level 6.8 Armour
 + Level 2.0 Dodging
 + Level 2.0 Stealth
 + Level 2.0 Shields
 + Level 2.0 Unarmed Combat
 + Level 2.0 Spellcasting
 + Level 1.6 Conjurations
 + Level 1.6 Hexes
 + Level 1.6 Summonings
 + Level 1.6 Necromancy
 + Level 1.6 Translocations
 + Level 1.6 Transmutations
 + Level 1.6 Fire Magic
 + Level 1.6 Ice Magic
 + Level 1.6 Air Magic
 + Level 1.6 Earth Magic
 + Level 1.6 Poison Magic
 + Level 2.2 Invocations
 + Level 2.0 Evocations


You had 9 spell levels left.
You didn't know any spells.
Your spell library contained the following spells:

 Spells                   Type           Power      Damage    Failure   Level
 Lesser Beckoning         Tloc           6%         N/A       45%         2
 Gell's Gravitas          Tloc           3%         N/A       71%         3
 Ignite Poison            Fire/Tmut/Pois 3%         N/A       71%         3
 Teleport Other           Tloc           3%         N/A       71%         3
 Sticky Flame             Conj/Fire      3%         2d3       98%         4
 Ignition                 Fire           1%         3d3       100%        8


Dungeon Overview and Level Annotations

Branches:
Dungeon (5/15)
 Temple: D:4-7

Altars:
Kikubaaqudgha
Vehumet
The Shining One

Annotations:
D:2 Sigmund
D:5 Eustachio


Innate Abilities, Weirdness & Mutations

You have very sharp teeth.
Your uncanny sense of smell can sniff out nearby items.
Your experience applies equally to all skills.


Message History

You hit Eustachio. Your bite misses Eustachio.
Eustachio is lightly wounded.
You barely miss Eustachio.
Eustachio is lightly wounded.
Eustachio hits you with a +1 heavy falchion!
The gnoll sergeant completely misses you.
You hit Eustachio.
Eustachio is moderately wounded.
An adder comes into view.
The gnoll sergeant misses you. Eustachio hits you but does no damage.
You hit Eustachio.
Eustachio is moderately wounded.
The gnoll sergeant barely misses you.
You hit Eustachio but do no damage. You bite Eustachio.
Eustachio is moderately wounded.
Eustachio hits you with a +1 heavy falchion.
* * * LOW HITPOINT WARNING * * *
The gnoll sergeant hits you from afar with a +0 trident.
* * * LOW HITPOINT WARNING * * *
You hit Eustachio. You punch Eustachio.
Eustachio is heavily wounded.
The gnoll sergeant hits you from afar with a +0 trident.
* * * LOW HITPOINT WARNING * * *
You barely miss Eustachio. You bite Eustachio, but do no damage.
Eustachio is heavily wounded.
You hear the slow hiss of an avalanche of sand nearby.
Eustachio mumbles some strange words.
You barely miss Eustachio.
Eustachio is heavily wounded.
The gnoll sergeant barely misses you.
Eustachio mumbles some strange words.
You hit Eustachio but do no damage.
Eustachio is heavily wounded.
The gnoll sergeant hits you from afar with a +0 trident.
* * * LOW HITPOINT WARNING * * *
Eustachio misses you.
You hit Eustachio but do no damage. Your punch misses Eustachio.
Eustachio is heavily wounded.
The gnoll sergeant hits you from afar with a +0 trident!
You die...

### .. #. ∆
####.###############.#
##<.............@@55..#
....#.....#.######g####
.#.....#..#.# ...
....#....##.# .....
.#.....#.##.# .....#
...###...##.# ###..# ..
#..###.### #)#..# .
##........ # ..#
#####..#####.


You could see Eustachio, a gnoll sergeant, a white imp (summoned) and an
ufetubus (summoned).

Vanquished Creatures
  A phantom (D:5)
  An orc priest (D:4)
  An iguana (D:4)
  A sleepcap (D:4)
  An orc wizard (D:4)
  5 gnolls
  An adder (D:4)
  5 worms
  5 orcs
  7 bats
  3 endoplasms
  A giant cockroach (D:3)
  8 goblins
  4 hobgoblins
  5 jackals
  3 quokkas
  7 ball pythons
  2 frilled lizards (D:3)
  4 kobolds
  5 rats
70 creatures vanquished.

Notes
Turn   | Place    | Note
-------+----------+-------------------------------------------
     0 | D:1      | GimliDwarf the Gnoll Wanderer began the quest for the Orb.
     0 | D:1      | GimliDwarf set off with the following items: a +2 hand axe,
                  | a +0 falchion, a +0 ring mail, a potion of invisibility.
     0 | D:1      | Reached XP level 1. HP: 17/17 MP: 1/1
   135 | D:1      | Reached XP level 2. HP: 23/23 MP: 2/2
   420 | D:1      | Reached XP level 3. HP: 10/28 MP: 2/4
   422 | D:1      | Reached skill level 1 in Invocations
   716 | D:2      | Noticed Sigmund
   922 | D:2      | Reached skill level 1 in Short Blades
   922 | D:2      | Reached skill level 1 in Maces & Flails
   922 | D:2      | Reached skill level 1 in Polearms
   922 | D:2      | Reached skill level 1 in Staves
   922 | D:2      | Reached skill level 1 in Ranged Weapons
   922 | D:2      | Reached skill level 1 in Throwing
   922 | D:2      | Reached skill level 1 in Dodging
   922 | D:2      | Reached skill level 1 in Stealth
   922 | D:2      | Reached skill level 1 in Shields
   922 | D:2      | Reached skill level 1 in Unarmed Combat
   922 | D:2      | Reached skill level 1 in Spellcasting
   922 | D:2      | Reached skill level 1 in Evocations
  1522 | D:3      | Reached XP level 4. HP: 34/34 MP: 5/5
  2243 | D:4      | Reached skill level 1 in Conjurations
  2243 | D:4      | Reached skill level 1 in Hexes
  2243 | D:4      | Reached skill level 1 in Summonings
  2243 | D:4      | Reached skill level 1 in Necromancy
  2243 | D:4      | Reached skill level 1 in Translocations
  2243 | D:4      | Reached skill level 1 in Transmutations
  2243 | D:4      | Reached skill level 1 in Fire Magic
  2243 | D:4      | Reached skill level 1 in Ice Magic
  2243 | D:4      | Reached skill level 1 in Air Magic
  2243 | D:4      | Reached skill level 1 in Earth Magic
  2243 | D:4      | Reached skill level 1 in Poison Magic
  2406 | D:4      | Found a glowing golden altar of the Shining One.
  2408 | D:4      | Found an ancient bone altar of Kikubaaqudgha.
  2556 | D:4      | Reached XP level 5. HP: 25/40 MP: 5/7
  2924 | D:4      | Reached XP level 6. HP: 30/47 MP: 8/8
  3115 | D:4      | Found a radiant altar of Vehumet.
  3220 | D:5      | Entered Level 5 of the Dungeon
  3314 | D:5      | Reached skill level 5 in Axes
  3366 | D:5      | Noticed Eustachio
  3380 | D:5      | Slain by a gnoll sergeant

Illustrated notes

Levels and vault maps discovered:
D:1:      scummos_arrival_simple_crosswalls, layout_rooms, serial_park_tiny_2,
          minivault_11
D:2:      layout_rooms, uniq_sigmund
D:3:      layout_basic, chequers_serial_rivers_room_b
D:4:      layout_basic, mainiacjoe_overflow_alcove_4, minitemple
D:5:      layout_loops_ring, mainiacjoe_overflow_boulevard,
          mainiacjoe_overflow_two_lobes, enter_ossuary_4,
          nicolae_kite_square_tiling_tiny, hangedman_decor_riveting,
          minmay_misc_feat_five, sword_in_stone, uniq_duvessa,
          uniq_crazy_yiuf_cottage, uniq_grinder, uniq_blork_the_orc

Skill      XL: |  1  2  3  4  5  6 |
---------------+-------------------+-----
Invocations    | 1 2 |  2.2
Short Blades   | 1 2 |  2.0
Maces & Flails | 1 2 |  2.0
Polearms       | 1 2 |  2.0
Staves         | 1 2 |  2.0
Ranged Weapons | 1 2 |  2.0
Throwing       | 1 2 |  2.0
Dodging        | 1 2 |  2.0
Stealth        | 1 2 |  2.0
Shields        | 1 2 |  2.0
Unarmed Combat | 1 2 |  2.0
Spellcasting   | 1 2 |  2.0
Evocations     | 1 2 |  2.0
Conjurations   | 1 |  1.6
Hexes          | 1 |  1.6
Summonings     | 1 |  1.6
Necromancy     | 1 |  1.6
Translocations | 1 |  1.6
Transmutations | 1 |  1.6
Fire Magic     | 1 |  1.6
Ice Magic      | 1 |  1.6
Air Magic      | 1 |  1.6
Earth Magic    | 1 |  1.6
Poison Magic   | 1 |  1.6
Fighting       | 3 |  3.3
Axes           | 5 |  5.0
Long Blades    | |  8.8
Armour         | |  6.8

Action                     |  1- 3 |  4- 6 || total
---------------------------+-------+-------++-------
  Melee: Falchion          |   116 |   118 ||   234
         Bite              |    11 |    18 ||    29
         Punch             |       |     4 ||     4
         Short sword       |       |    54 ||    54
  Throw: Boomerang         |     7 |       ||     7
    Use: Scroll            |       |    12 ||    12
 Armour: Ring mail         |    60 |    39 ||    99
  Dodge: Dodged            |    52 |    57 ||   109
